 Dungeon Crawl Stone Soup version 0.30-a0-170-g85af917532 (webtiles) character file.

Game seed: 12492824473552347922

6846 Iusername the Protected (level 10, -4/90 HPs)
             Began as a Minotaur Fighter on Sept 30, 2022.
             Slain by a stone giant (27 damage)
             ... on level 10 of the Dungeon.
             The game lasted 00:12:04 (11273 turns).

Iusername the Protected (Minotaur Fighter)         Turns: 11273, Time: 00:12:04

Health: -4/90      AC: 19    Str: 25    XL:     10   Next: 78%
Magic:  9/9        EV:  7    Int:  9    God:
Gold:   528        SH:  5    Dex: 10    Spells: 9/9 levels left

rFire   . . .      SeeInvis .    B - +9 spear of Objectivity {freeze, Int+4}
rCold   . . .      Faith    .    c - +0 buckler
rNeg    . . .      Spirit   .    h - +3 plate armour
rPois   .          Reflect  .    (helmet restricted)
rElec   .          Harm     .    (no cloak)
rCorr   .          Rampage  .    (no gloves)
Will    .....                    C - +0 pair of boots
Stlth   ..........               (no amulet)
HPRegen 0.25/turn                (no ring)
MPRegen 0.11/turn                (no ring)

@: attractive
A: horns 2, retaliatory headbutt
a: no special abilities


You were on level 10 of the Dungeon.
You visited 1 branch of the dungeon, and saw 10 of its levels.
You also visited: Sewer.

You collected 528 gold pieces.

Inventory:

Hand Weapons
 a - a +1 war axe of chaos
 B - the +9 spear of Objectivity (weapon) {freeze, Int+4}
   (You found it on level 6 of the Dungeon)

   It freezes those it strikes, dealing additional cold damage.
   It can also slow down cold-blooded creatures.
   Int:       It affects your intelligence (+4).
Missiles
 x - 2 throwing nets
Armour
 c - a +0 buckler (worn)
 h - a +3 plate armour (worn)
 C - a +0 pair of boots (worn)
Jewellery
 f - an amulet of the acrobat
 D - a ring of resist corrosion
Wands
 b - a wand of charming (34)
 g - a wand of digging (3)
 j - a wand of flame (11)
 z - a wand of polymorph (5)
 E - a wand of mindburst (4) (quivered)
Scrolls
 e - 5 scrolls of teleportation
 i - a scroll of noise
 l - 2 scrolls of summoning
 q - 2 scrolls of butterflies
 w - 2 scrolls of vulnerability
 A - 3 scrolls of fear
Potions
 d - a potion of haste {unknown}
 k - 4 potions of curing
 m - 2 potions of resistance {unknown}
 n - a potion of ambrosia {unknown}
 p - 4 potions of brilliance
 r - 11 potions of degeneration
 s - a potion of heal wounds
 t - 2 potions of cancellation {unknown}
 u - 4 potions of attraction
 v - a potion of lignification {unknown}


   Skills:
 + Level 8.4 Fighting
 + Level 11.0(12.0) Axes
 + Level 7.8(10.5) Polearms
 + Level 11.2 Armour
 + Level 1.2 Dodging
 + Level 1.0 Stealth
 + Level 7.4 Shields


You had 9 spell levels left.
You didn't know any spells.
Your spell library contained the following spells:

 Spells                   Type           Power      Damage    Failure   Level
 Apportation              Tloc           0%         N/A       99%         1
 Magic Dart               Conj           0%         1d3       99%         1
 Necrotise                Necr           0%         1d4       99%         1
 Summon Small Mammal      Summ           0%         N/A       99%         1
 Call Imp                 Summ           0%         N/A       100%        2
 Cigotuvi's Dreadful Rot  Necr/Pois/Air  0%         N/A       100%        2
 Sublimation of Blood     Necr           0%         N/A       100%        2
 Gell's Gravitas          Tloc           0%         N/A       100%        3
 Lesser Beckoning         Tloc           0%         N/A       100%        3
 Mephitic Cloud           Conj/Pois/Air  0%         N/A       100%        3
 Teleport Other           Tloc           0%         N/A       100%        3
 Airstrike                Air            0%         2d(0-16)  100%        4
 Dispel Undead            Necr           0%         3d6       100%        4
 Petrify                  Tmut/Erth      0%         N/A       100%        4
 Summon Lightning Spire   Summ/Air       0%         N/A       100%        4
 Irradiate                Conj/Tmut      0%         3d11      100%        5
 Lightning Bolt           Conj/Air       0%         1d11      100%        5
 Death Channel            Necr           0%         N/A       100%        6


Dungeon Overview and Level Annotations

Branches:
Dungeon (10/15)            Temple (0/1) D:7             Orc (0/2) D:9
  Sewer (visited)
   Lair: D:8-11

Altars:
Cheibriados
Dithmenos
Gozag
Hepliaklqana
Okawaru
Ru
Wu Jian

Annotations:
D:3 2 transporters, jlumianski's ghost, amateur GrGl


Innate Abilities, Weirdness & Mutations

You have a pair of horns on your head.
You reflexively headbutt those who attack you in melee.


Message History

Things that are here:
a +0 short sword; 21 gold pieces; an orc corpse You completely miss the orc warrior.
You hit the orc warrior. You freeze the orc warrior.
Your headbutt misses the orc warrior.
The orc warrior is moderately wounded.
The orc warrior unwields a +0 arbalest.
The orc warrior wields a +0 glaive.
The orc warrior hits you with a +0 glaive.
Aiming: Quicksilver Bolt
Press: ? - help, Shift-Dir - straight line, f - stone giant
Aim: a stone giant, quivering large rocks (100% to hit)
The bolt of dispelling energy hits the orc warrior!!
The orc warrior is almost dead.
The bolt of dispelling energy hits something!
Reactivating autopickup.
You feel a bit more experienced.
The bolt of dispelling energy hits the orc priest!!
You kill the orc priest!
The bolt of dispelling energy hits the stone giant but does no damage.
The now-empty wand crumbles to dust.
Welcome back, Iusername the Minotaur Fighter.
Press ? for a list of commands and other information.
The orc warrior's mind is blasted!!
You blow up the orc warrior!
The stone giant resists with almost no effort.
You hit the stone giant. You freeze the stone giant.
The stone giant is lightly wounded.
The stone giant barely misses you. You furiously retaliate!
You headbutt the stone giant, but do no damage.
You hit the stone giant. You freeze the stone giant.
The stone giant is lightly wounded.
You hit the stone giant but do no damage.
The stone giant is lightly wounded.
The stone giant hits you!!
* * * LOW HITPOINT WARNING * * *
You hear a shout!
It was a potion of attraction.
You feel attractive to monsters. The stone giant hits you!!
You die...

.#.#
######.###############
.#># .................
<#.# ########.########
##.# ♣...)[....♣♣♣
##.# ♣..♣♣♣♣.♣♣♣♣..♣#
# )# ♣...~...♣♣♣.# #
♣..♣♣♣♣.♣♣♣♣..♣# .
♣.........♣♣♣ #
#######@####### .
#♣≈≈≈~~♣C♣ ~≈≈≈♣ .
#≈≈≈≈~~♣o♣~~≈≈≈≈
#≈≈~~S..!..~~~≈≈
#≈~~~.......~~~≈
#~~~.........~~~
#~~.o.~.#.~...~~
#♣♣..~≈#:#≈~.$♣♣
...~≈~ . ~≈~...


You could see a stone giant and an orc.

Vanquished Creatures
  A two-headed ogre (D:9)
  The ghost of greasedhog the Chiller, a novice GrIE of Vehumet (D:6)
  Joseph (D:8)
  A kobold demonologist (D:10)
  A troll (D:10)
  A hornet (D:6)
  A wyvern (D:8)
  A shadow (D:10)
  A wraith (D:9)
  4 yaks (D:9)
  2 steam dragons
  3 water moccasins
  2 orc warriors
  An ice beast (D:6)
  A swamp drake (D:9)
  An ogre (D:5)
  6 centaurs
  2 kobold brigands
  2 bullfrogs
  2 necrophages (D:6)
  A gnoll sergeant (D:5)
  5 scorpions
  8 wights (D:6)
  4 howler monkeys
  3 orc priests
  5 hounds
  2 jellies
  4 gnoll boudas
  Ijyb (D:4)
  An iguana (D:5)
  4 orc wizards
  22 gnolls
  12 adders
  2 river rats (Sewer)
  2 white imps
  2 ufetubi
  2 worms
  2 dart slugs
  23 orcs
  6 ball pythons
  4 bats
  6 endoplasms
  6 giant cockroaches
  11 hobgoblins
  4 quokkas
  5 frilled lizards
  3 goblins
  20 kobolds
  15 rats
220 creatures vanquished.

Vanquished Creatures (others)
  An orc warrior (D:9)
  An orc wizard (D:9)
  2 plants (D:10)
4 creatures vanquished.

Grand Total: 224 creatures vanquished

Notes
Turn   | Place    | Note
-------+----------+-------------------------------------------
     0 | D:1      | Iusername the Minotaur Fighter began the quest for the Orb.
     0 | D:1      | Reached XP level 1. HP: 19/19 MP: 0/0
   125 | D:1      | Reached XP level 2. HP: 23/27 MP: 1/1
   437 | D:1      | Found a faded altar of an unknown god.
   933 | D:2      | Reached XP level 3. HP: 33/33 MP: 2/2
  1053 | D:2      | Noticed a scorpion
  1059 | D:2      | Killed a scorpion
  1060 | D:2      | Reached XP level 4. HP: 27/40 MP: 3/3
  2042 | D:3      | Found a snail-covered altar of Cheibriados.
  2053 | D:3      | Reached XP level 5. HP: 45/47 MP: 4/4
  2112 | D:3      | Found a sacrificial altar of Ru.
  2283 | D:3      | Found a transporter.
  2290 | D:3      | Found a transporter.
  2298 | D:3      | Noticed jlumianski's ghost (amateur GrGl)
  2426 | D:4      | Noticed Ijyb
  2427 | D:4      | Reached skill level 5 in Axes
  2431 | D:4      | Reached skill level 5 in Armour
  2436 | D:4      | Killed Ijyb
  2437 | D:4      | Reached XP level 6. HP: 25/53 MP: 5/5
  3048 | D:4      | Reached skill level 5 in Shields
  3270 | D:5      | Entered Level 5 of the Dungeon
  3297 | D:5      | Reached XP level 7. HP: 50/60 MP: 6/6
  3420 | D:5      | Found a glowing drain.
  3424 | Sewer    | Entered a sewer
  4096 | D:5      | Reached skill level 5 in Fighting
  4615 | D:5      | Identified the +2 ring mail of Loetz {Fly}
  4713 | D:5      | Found an opulent altar of Gozag.
  4876 | D:6      | Reached XP level 8. HP: 28/68 MP: 7/7
  5892 | D:6      | Found a runed translucent door.
  5898 | D:6      | Noticed greasedhog's ghost (novice GrIE)
  5936 | D:6      | Reached skill level 1 in Dodging
  6212 | D:6      | Killed greasedhog's ghost
  6213 | D:6      | Reached skill level 10 in Axes
  6213 | D:6      | Reached XP level 9. HP: 70/78 MP: 8/8
  6347 | D:6      | Found a shadowy altar of Dithmenos.
  6361 | D:6      | Paralysed by a hornet for 3 turns
  6539 | D:6      | Identified the +9 spear of Objectivity {freeze, Int+4}
  7098 | D:7      | Found an iron altar of Okawaru.
  7134 | D:7      | Found a staircase to the Ecumenical Temple.
  7760 | D:8      | Found an ornate altar of the Wu Jian Council.
  7820 | D:8      | Reached skill level 1 in Polearms
  8124 | D:8      | Noticed Joseph
  8133 | D:8      | Killed Joseph
  8343 | D:8      | Reached skill level 10 in Armour
  8343 | D:8      | Reached XP level 10. HP: 59/86 MP: 9/9
  9679 | D:9      | Reached skill level 5 in Polearms
  9991 | D:9      | Found a hazy altar of Hepliaklqana.
 10130 | D:9      | Noticed a two-headed ogre
 10139 | D:9      | Killed a two-headed ogre
 10140 | D:9      | Reached skill level 1 in Stealth
 10365 | D:9      | Found a staircase to the Orcish Mines.
 10902 | D:10     | Entered Level 10 of the Dungeon
 11257 | D:10     | Noticed a stone giant
 11273 | D:10     | Slain by a stone giant

Illustrated notes

Levels and vault maps discovered:
D:1:      dpeg_arrival_more_subterranean_lakeside_camping, layout_loops_ring,
          shapermc_ecumenical_altar_pompeii
D:2:      layout_loops_corners, serial_bayou_ford_a, nrook_campfire
D:3:      layout_rooms, mainiacjoe_overflow_24_doors, nicolae_ru_awakened_eye,
          gammafunk_ghost_stat_death, chequers_serial_rivers_micro_c
D:4:      layout_basic, uniq_ijyb
D:5:      layout_cave_pools, nicolae_overflow_crystal_walls,
          gup_sewer_entry_spiral
D:6:      layout_loops_corners, mainiacjoe_overflow_cross_hatched,
          ebering_ghost_reflecting_pool
D:7:      layout_loops_ring, mainiacjoe_overflow_chevrons,
          minmay_temple_entry_junction_2
D:8:      layout_loops_cross, nzn_wu_jian_contemplation, st_stairs_3,
          uniq_joseph
D:9:      layout_roguey, overflow_temple_1_default, erik_orc_1
D:10:     nzn_winding_woodlands_cross [nzn_winding_woodlands_5x15_sidewinder,
          nzn_winding_woodlands_5x15_default, nzn_winding_woodlands_5x15_pool,
          nzn_winding_woodlands_5x15_eye, nzn_winding_woodlands_15x15_eel_pit],
          layout_basic

Skill      XL: |  1  2  3  4  5  6  7  8  9 10 |
---------------+-------------------------------+-----
Fighting       | 4 5 6 7 8 |  8.4
Shields        | 4 5 6 7 |  7.4
Armour         | 4 5 6 8 10 11 | 11.2
Axes           | 3 4 5 6 7 10 11 | 11.0
Dodging        | 1 |  1.2
Polearms       | 3 7 |  7.8
Stealth        | 1 |  1.0

Action                   |  1- 3 |  4- 6 |  7- 9 | 10-12 || total
-------------------------+-------+-------+-------+-------++-------
Melee: War axe           |    55 |   104 |   195 |       ||   354
       Headbutt          |     8 |     4 |    44 |    23 ||    79
       Spear             |       |       |    99 |   148 ||   247
Evoke: Wand              |       |       |       |     3 ||     3
  Use: Scroll            |       |       |     4 |    11 ||    15
       Potion            |       |       |     3 |     1 ||     4
Armor: Scale mail        |    15 |       |       |       ||    15
       Plate armour      |    17 |    64 |   164 |    50 ||   295
Dodge: Dodged            |    22 |    32 |    77 |    25 ||   156
Block: Buckler           |     3 |    23 |    58 |    27 ||   111

Table legend: (Time is in decaauts)
 A = Elapsed time spent in this place.
 B = Non-inter-level travel time spent in this place.
 C = Inter-level travel time spent in this place.
 D = Time resting spent in this place.
 E = Time spent auto-exploring this place.
 F = Levels seen in this place.
 G = Mean time per level.
                   A        B        C        D        E       F      G
               +--------+--------+--------+--------+--------+-----+--------+
         Total |  11360 |  10978 |    382 |   3109 |   6400 |  11 | 1032.7 |
       Dungeon |  10857 |  10475 |    382 |   3109 |   6058 |  10 | 1085.7 |
         Sewer |    503 |    503 |      0 |      0 |    342 |   1 |  503.0 |
               +--------+--------+--------+--------+--------+-----+--------+

Top non-repeatable levels by time:
     D:6: 2176 daAuts
     D:8: 1578 daAuts
     D:9: 1526 daAuts
     D:5: 1159 daAuts
     D:2: 1099 daAuts
     D:4: 884 daAuts
     D:1: 874 daAuts
     D:7: 726 daAuts
   Sewer: 503 daAuts
     D:3: 473 daAuts
    D:10: 358 daAuts
